 Dungeon Crawl Stone Soup version 0.31-a0-624-g18b9692 (webtiles) character file.

Game seed: 11444701723034294797

1832346 Wizard1ke the Tengu Blade (level 27, 179/179 HPs)
             Began as a Tengu Fighter on Aug 23, 2023.
             Was an Elder of Okawaru.
             Escaped with the Orb
             ... and 3 runes!
             The game lasted 03:48:01 (56484 turns).

Wizard1ke the Tengu Blade (Tengu Fighter)          Turns: 56484, Time: 03:48:02

Health: 179/179    AC: 29    Str: 19    XL:     27
Magic:  36/36      EV: 43    Int: 11    God:    Okawaru [****..]
Gold:   3286       SH: 24    Dex: 40    Spells: 32/42 levels left

rFire   + + .        O - +8 demon blade "Xotop" {freeze, +Blink rF+}
rCold   + + .        W - +5 kite shield {rC+}
rNeg    + . .        L - +7 pearl dragon scales "Muxei" {+Inv rN+ Int-2 Dex+6 Slay+3}
rPois   +            x - +2 hat {Int+3}
rElec   .            V - +2 cloak {rCorr}
rCorr   +            e - +0 pair of gloves of Protective Custody {rF+ Dex+4}
SInv    .            (boots unavailable)
Will    +++..        M - amulet "Etesm" {RegenMP rC+ Will+ Slay+6}
Stlth   +            q - ring of poison resistance
HPRegen 0.00/turn    b - +6 ring of dexterity
MPRegen 0.65/turn

%: no passive effects
@: flying quickly and evasively, inhibited regen, hasted, very quick
A: beak, talons 3, nimble flight, inhibited regeneration, evolution 1, inability
to drink after injury 1
0: Orb of Zot
}: 3/15 runes: decaying, serpentine, silver
a: Renounce Religion, Evoke Blink, Evoke Invisibility, Heroism, Finesse


You escaped.
You worshipped Okawaru.
Okawaru was greatly pleased with you.
You visited 10 branches of the dungeon, and saw 48 of its levels.
You also visited: Gauntlet.

You collected 6445 gold pieces.
You spent 3159 gold pieces at shops.

Inventory:

Hand Weapons
 a - the +11 scimitar "Huesau" {spect, rElec Int+3}
   (You found it in a Gauntlet)

   Int+3:     It affects your intelligence (+3).
   rElec:     It insulates you from electricity.
 O - the +8 demon blade "Xotop" (weapon) {freeze, +Blink rF+}
   (Okawaru gifted it to you on level 5 of the Vaults)

   rF+:       It protects you from fire.
   +Blink:    It lets you blink.
Missiles
 C - 8 throwing nets
 X - 16 curare-tipped darts
Armour
 c - the +0 pair of fencer's gloves {Riposte Dex+3}
   (You found it on level 5 of the Vaults)

   Riposte:   It allows the wearer to riposte with melee weapons, swiftly
   retaliating against missed or blocked melee attacks.
   Dex+3:     It affects your dexterity (+3).
 e - the +0 pair of gloves of Protective Custody (worn) {rF+ Dex+4}
   (Okawaru gifted it to you on level 2 of the Snake Pit)

   Dex+4:     It affects your dexterity (+4).
   rF+:       It protects you from fire.
 x - a +2 hat of intelligence (worn)
 L - the +7 pearl dragon scales "Muxei" (worn) {+Inv rN+ Int-2 Dex+6 Slay+3}
   (You found it on level 11 of the Dungeon)

   Int-2:     It affects your intelligence (-2).
   Dex+6:     It affects your dexterity (+6).
   Slay+3:    It affects your accuracy & damage with ranged weapons and melee
   (+3).
   rN+:       It protects you from negative energy.
   +Inv:      It lets you turn invisible.
 V - a +2 cloak of preservation (worn)
 W - a +5 kite shield of cold resistance (worn)
Jewellery
 b - a +6 ring of dexterity (right hand)
 h - the amulet "Cavvu" {Faith Rampage *Corrode Regen+ Dex+5}
   (You found it on level 11 of the Dungeon)

   [amulet of faith]

   Faith:     It allows you to gain divine favour quickly.
   Dex+5:     It affects your dexterity (+5).
   Regen+:    It increases your rate of health regeneration.
   *Corrode:  It may corrode you when you take damage.
   Rampage:   It bestows one free step when moving towards enemies.
 l - a +6 ring of dexterity
 q - a ring of poison resistance (left hand)
 v - a ring of willpower
 M - the amulet "Etesm" (around neck) {RegenMP rC+ Will+ Slay+6}
   (You bought it in a shop on level 4 of the Snake Pit)

   [amulet of magic regeneration]

   RegenMP:   It increases your rate of magic regeneration.
   Slay+6:    It affects your accuracy & damage with ranged weapons and melee
   (+6).
   rC+:       It protects you from cold.
   Will+:     It increases your willpower.
 R - a ring of fire
Wands
 r - a wand of mindburst (21)
 F - a wand of roots (78)
 G - a wand of paralysis (51)
 K - a wand of quicksilver (39)
 U - a wand of digging (11)
 Z - a wand of polymorph (32)
Scrolls
 f - 6 scrolls of revelation
 m - 5 scrolls of poison
 n - 2 scrolls of silence {!r}
 p - 12 scrolls of fog
 s - 8 scrolls of blinking
 u - 19 scrolls of teleportation
 y - 3 scrolls of vulnerability
 J - 4 scrolls of fear
 P - a scroll of enchant armour
 S - a scroll of acquirement
 T - 8 scrolls of immolation
Potions
 d - 10 potions of might
 g - 7 potions of haste
 i - 9 potions of curing
 o - 4 potions of magic
 t - 8 potions of resistance
 z - 14 potions of attraction
 A - 4 potions of lignification
 B - 7 potions of brilliance
 D - 2 potions of mutation
 E - 4 potions of invisibility
 H - 2 potions of cancellation
 N - 5 potions of berserk rage {!q}
 Q - 5 potions of enlightenment
 Y - 13 potions of heal wounds
Miscellaneous
 j - a phial of floods
 k - a tin of tremorstones (2/2)
 I - a lightning rod (4/4)


   Skills:
 - Level 20.0 Fighting
 + Level 26.1 Long Blades
 - Level 12.0 Armour
 - Level 22.0 Dodging
 - Level 15.0 Shields
 - Level 8.0 Spellcasting
 - Level 13.0 Translocations
 - Level 10.0 Air Magic
 - Level 15.0 Invocations
 - Level 10.0 Evocations


You had 32 spell levels left.
You knew the following spells:

 Your Spells              Type           Power      Damage    Failure   Level
a - Blink                 Tloc           66%        N/A       1%          2
b - Manifold Assault      Tloc           33%        N/A       3%          4
c - Vhi's Electric Charg  Tloc/Air       58%        N/A       1%          3
d - Apportation           Tloc           66%        N/A       1%          1

Your spell library contained the following spells:

 Spells                   Type           Power      Damage    Failure   Level
 Lesser Beckoning         Tloc           66%        N/A       1%          2
 Gell's Gravitas          Tloc           33%        N/A       1%          3
 Teleport Other           Tloc           33%        N/A       1%          3
 Passage of Golubria      Tloc           33%        N/A       3%          4
 Momentum Strike          Conj/Tloc      36%        3d9       8%          2
 Airstrike                Air            13%        2d(2-18)  12%         4
 Poisonous Vapours        Pois/Air       30%        N/A       14%         2
 Static Discharge         Conj/Air       30%        2-4/arc   14%         2
 Portal Projectile        Hex/Tloc       36%        N/A       14%         3
 Volatile Blastmotes      Fire/Tloc      36%        2d13      14%         3
 Cigotuvi's Dreadful Rot  Necr/Pois/Air  22%        N/A       28%         2
 Iskenderun's Mystic Bla  Conj/Tloc      18%        2d6       43%         4
 Dispersal                Tloc           16%        N/A       45%         6
 Mephitic Cloud           Conj/Pois/Air  11%        N/A       50%         3
 Freeze                   Ice            16%        1d4       56%         1
 Magic Dart               Conj           16%        1d3       56%         1
 Necrotise                Necr           16%        1d4       56%         1
 Sting                    Tmut/Pois      16%        1d3       56%         1
 Ensorcelled Hibernation  Hex/Ice        8%         N/A       71%         2
 Sublimation of Blood     Necr           4%         N/A       71%         2
 Wereblood                Tmut           4%         N/A       71%         2
 Dazzling Flash           Conj/Hex       8%         N/A       91%         3
 Frozen Ramparts          Ice            8%         1d2       91%         3
 Hailstorm                Conj/Ice       4%         3d4       91%         3
 Inner Flame              Hex/Fire       4%         N/A       91%         3
 Stone Arrow              Conj/Erth      8%         3d7       91%         3
 Arcjolt                  Conj/Air       7%         1d17      94%         5
 Silence                  Hex/Air        7%         N/A       94%         5
 Freezing Cloud           Conj/Ice/Air   5%         6-21      99%         5
 Anguish                  Hex/Necr       2%         N/A       100%        4
 Dispel Undead            Necr           4%         3d7       100%        4
 Fulminant Prism          Conj/Hex       2%         3d5       100%        4
 Olgreb's Toxic Radiance  Pois           4%         N/A       100%        4
 Agony                    Necr           4%         N/A       100%        5
 Alistair's Intoxication  Tmut/Pois      2%         N/A       100%        5
 Borgnjor's Vile Clutch   Necr/Erth      2%         N/A       100%        5
 Iskenderun's Battlesphe  Conj           4%         2d6       100%        5
 Yara's Violent Unravell  Hex/Tmut       2%         3d3       100%        5
 Eringya's Noxious Bog    Tmut/Pois      2%         4d6       100%        6
 Leda's Unmaking          Conj/Erth      2%         9d1       100%        6
 Plasma Beam              Fire/Air       7%         2x1d18    100%        6
 Enfeeble                 Hex            2%         N/A       100%        7
 Ozocubu's Refrigeration  Ice            2%         4d7       100%        7
 Discord                  Hex            2%         N/A       100%        8
 Ignition                 Fire           2%         3d3       100%        8
 Lehudib's Crystal Spear  Conj/Erth      2%         10d2      100%        8
 Polar Vortex             Ice            2%         N/A       100%        9
 Summon Small Mammal      Summ           Unusable   N/A       N/A         1
 Summon Lightning Spire   Summ/Air       Unusable   N/A       N/A         4
 Call Imp                 Summ           Unusable   N/A       N/A         2
 Tukima's Dance           Hex            Unusable   N/A       N/A         3
 Animate Armour           Summ/Erth      Unusable   N/A       N/A         4
 Death Channel            Necr           Unusable   N/A       N/A         6
 Simulacrum               Ice/Necr       Unusable   N/A       N/A         6
 Spellforged Servitor     Conj/Summ      Unusable   N/A       N/A         7
 Summon Hydra             Summ           Unusable   N/A       N/A         7

Dungeon Overview and Level Annotations

Branches:
Dungeon (15/15)            Temple (1/1) D:6            Lair (5/5) D:9
  Swamp (4/4) Lair:3        Snake (4/4) Lair:2        Slime (0/5) Lair:5
    Orc (2/2) D:10            Elf (3/3) Orc:2        Vaults (5/5) D:13
  Crypt (0/3) Vaults:3     Depths (4/4) D:15            Zot (5/5) Depths:4
Gauntlet (visited)

Altars:
Ashenzari
Cheibriados
Dithmenos
Elyvilon
Fedhas
Gozag
Hepliaklqana
Kikubaaqudgha
Makhleb
Nemelex Xobeh
Okawaru
Qazlal
Ru
Sif Muna
Trog
Uskayaw
Vehumet
Wu Jian
Xom
Yredelemnul
Zin
The Shining One
Jiyva
Lugonu

Shops:
D:1 :   Orc:2 (*[(*   Snake:4 =[   Vaults:2 (   Vaults:5 :   Depths:2 !

Portals:
Hell: Depths:1 Depths:2 Depths:3 Depths:4
Abyss: Depths:2 Depths:3
Pandemonium: Depths:2
Ziggurat: Depths:1
Trove: D:14 (show slimy rune of Zot)

Annotations:
D:3 1 runed translucent door, exclusion: door, Crazy Yiuf
Lair:5 1 exclusion
Elf:1 Roxanne
Elf:2 3 runed translucent doors
Vaults:1 2 runed translucent doors, exclusion: 2 doors, Nycvuote's ghost, adept DrSh; Yngio's ghost, adept DjFE
Vaults:3 Zenata
Vaults:5 !vaults warning!vaults warning


Innate Abilities, Weirdness & Mutations

You have a beak for a mouth.
You have claws for feet.
Your magical nature lets you fly swiftly and evasively.
You do not regenerate when monsters are visible.
You have hidden genetic potential.
You occasionally lose the ability to drink potions when taking damage.


Message History

Magic restored.
Sigmund shouts!
Casting: Vhi's Electric Charge (safe; 1% risk of failure)
Confirm with . or Enter, or press ? or * to list all spells.
Charge where?
Press: ? - help, Dir - move target, f - Sigmund
Aim: Sigmund, wielding a +5 scythe of venom and wearing a +0 robe (89% to hit)
You charge forward with an electric crackle!
You open Sigmund like a pillowcase and electrocute him!!!
You freeze Sigmund.
You kill Sigmund!
Okawaru accepts your kill.
Press: ? - help, v - describe, . - travel, g - get item
Items here: a +5 scythe of venom; a +0 robe; the human corpse of Sigmund.
The floor, spattered with blood.
This square is covered in magical glow.
Unknown command.
(D) Dungeon (T) Temple (L) Lair (S) Swamp (P) Snake Pit (M) Slime Pits (O) Orcish Mines (E) Elven Halls (V) Vaults (C) Crypt (U) Depths (H) Hell (Z) Zot
Where to? (Tab/Enter - D:1 @ (x,y), ? - help)
There is a stone staircase leading up here.
You fly upwards.
Magic restored.
There is a stone staircase leading down here.
An Awoam, a sixfirhy and a large abomination come into view.
Press: ? - help, v - describe, . - travel
Here: Awoam, armed with an antimagic touch The floor.
Unknown command.
You feel yourself speed up.
No target in range!
As you open the door, it creaks loudly! The sixfirhy closely misses you.
The sixfirhy completely misses you. You block the sixfirhy's attack.
There is an open door here.
You see here 2 atropa-tipped darts.
You block the sixfirhy's attack. x2
There is a staircase leading out of the dungeon here.
You have escaped!

.....##...# #'# #..# ....###...#
#.######.### ###.###...#
##.##.......# ..#.#.....#
#...#.......# ..#...#...#
#...#.......# ..#.#######
##.3.######'### ..#.#
####.....#####...# ..#.#
#####...........####.# ..#.#
#.+.......@.......'..# ..#.#
#.###...........####.## ###.#
#.######.....#######..## ....#
#.##...##...##......#..#
#.#####....#..#...#........#.####
..............#...#........#....#
....##.##.....##.##..####....##..
#...##.##..#..##.##..#...........
....)..........#+##..#.##..#.#.#.


You could see a sixfirhy.

Vanquished Creatures
  2 dread liches
  7 orbs of fire
  3 ancient liches (Zot:5)
  Mara (Vaults:5)
  Sojobo (Depths:4)
  8 Killer Klowns
  the Lernaean hydra (Swamp:4)
  Margery (Depths:2)
  3 caustic shrikes (Depths:3)
  A curse toe (Zot:4)
  14 golden dragons
  2 bone dragons
  2 electric golems (Zot:5)
  14 tentacled monstrosities
  Rupert (D:13)
  22 Orb Guardians (Zot:5)
  The ghost of mini the Nimble, an adept GnMo of Okawaru (Snake:4)
  2 walking divine tomes (Depths:3)
  A walking crystal tome (Depths:3)
  3 liches
  5 quicksilver dragons
  4 titans
  2 deep elf blademasters (Elf:3)
  A walking frostbound tome (Depths:4)
  4 deep elf master archers (Elf:3)
  5 sphinxes
  Frances (D:13)
  Agnes (D:14)
  2 death cobs (Zot:2)
  Kirke (D:14)
  11 tengu reavers
  10 shadow dragons
  7 draconian monks
  A fenstrider witch (Swamp:4)
  11 storm dragons
  12 fire giants
  6 draconian knights
  8 nagarajas
  15 frost giants
  An iron dragon (Depths:3)
  10 draconian scorchers
  A juggernaut zombie (Depths:3)
  8 deep elf sorcerers
  19 vault wardens
  2 ghost moths
  4 angels
  The ghost of Ituecuf the Photosynthesist, a journeyman DsSh of Fedhas (D:13)
  7 draconian shifters
  3 orc warlords
  15 ironbound preservers
  A cacodemon (Depths:2)
  8 draconian stormcallers
  5 deep elf elementalists (Elf:3)
  2 war gargoyles (Vaults:5)
  7 draconian annihilators
  8 spriggan defenders
  12 stone giants
  3 ironbound thunderhulks
  16 very ugly things
  8 deep elf annihilators
  5 black draconians
  7 vampire knights
  9 green draconians
  4 dire elephants (Vaults:2)
  2 deep elf demonologists
  2 eleionomae (Swamp:2)
  15 yellow draconians
  7 purple draconians
  5 bunyips
  6 white draconians
  A lorocyproca (Zot:5)
  Azrael (Snake:1)
  A minotaur (Gauntlet)
  8 spark wasps
  2 eidola (Vaults:1)
  10 deep elf death magi
  An ettin (shapeshifter) (Vaults:5)
  Snorg (D:11)
  2 crystal guardians (Vaults:3)
  16 red draconians
  15 ettins
  16 yaktaur captains
  15 fire dragons
  8 deep elf high priests
  Josephine (D:14)
  A great orb of eyes (Vaults:3)
  The ghost of Rehajen the Spry, a journeyman FeSu of Gozag (Swamp:4)
  32 vault guards
  A peacekeeper (Vaults:3)
  The ghost of YoyoCobra the Protected, a journeyman MiGl of Yredelemnul (Orc:2)
  Harold (Orc:1)
  5 ice dragons
  3 rakshasas
  6 spriggan air magi
  5 ogre magi
  Erica (D:11)
  A sphinx zombie (Depths:1)
  Erolcha (D:13)
  10 centaur warriors
  25 hydras
  3 catoblepae
  A ghost crab (Gauntlet)
  13 anacondas
  A two-headed ogre (shapeshifter) (D:12)
  6 two-headed ogres
  6 boulder beetles
  6 alligators
  10 ironbound frosthearts
  2 deep troll earth magi
  5 tengu warriors
  8 shock serpents
  4 deep troll shamans
  13 naga sharpshooters
  9 naga warriors
  2 vampire magi
  25 dancing weapons
  A death yak (shapeshifter) (Vaults:5)
  Urug (D:10)
  An orc high priest (Orc:2)
  9 spriggan berserkers
  A salamander mystic (Snake:2)
  A sun demon (D:9)
  Amaemon (D:10)
  14 hell knights
  A fire crab (Gauntlet)
  2 iron trolls
  7 deep elf knights
  5 skeletal warriors (D:13)
  2 shadow wraiths (D:13)
  4 goliath frogs
  A spriggan druid (Swamp:1)
  A spark wasp zombie (Depths:3)
  5 sea snakes (Snake:4)
  41 deep trolls
  7 naga ritualists
  5 flayed ghosts
  8 glowing orange brains
  10 wizards
  An obsidian statue (Orc:2)
  An orb spider (shapeshifter) (Depths:2)
  A shadow demon (Zot:3)
  4 bog bodies
  11 ironbound convokers
  13 orc knights
  An orange crystal statue (Zot:5)
  11 deep elf archers
  27 deep elf zephyrmancers
  12 swamp dragons
  A golden dragon skeleton (Depths:3)
  10 phantasmal warriors
  4 necromancers
  5 steelbarb worms (Swamp:2)
  16 lindwurms
  3 harpies (Vaults:2)
  31 deep elf pyromancers
  A shadow dragon skeleton (Depths:3)
  15 mana vipers
  A wolf spider (D:15)
  2 wolf spiders (shapeshifter)
  7 orc sorcerers
  51 ugly things
  7 salamanders
  19 moths of wrath
  5 cyclopes
  5 manticores
  4 elephants (Lair:5)
  18 naga magi
  A manticore (shapeshifter) (Vaults:5)
  A stone giant skeleton (Depths:1)
  A frost giant skeleton (Depths:1)
  6 will-o-the-wisps
  An elephant (shapeshifter) (Elf:2)
  An ice statue (Gauntlet)
  6 vault sentinels
  6 guardian serpents
  5 torpor snails (Lair:5)
  3 orange demons
  2 rust devils (Depths:2)
  47 black mambas
  13 cane toads
  2 kobold demonologists
  Jeremiah (D:7)
  7 gargoyles
  A hellion (Zot:5)
  3 unseen horrors
  3 rime drakes
  2 efreet
  13 komodo dragons
  6 tengu conjurers
  4 freezing wraiths
  31 yaktaurs
  3 bloated husks
  16 trolls
  25 hornets
  Prince Ribbit (Lair:1)
  2 polar bears
  18 tyrant leeches
  2 wind drakes (shapeshifter)
  Grinder (D:2)
  A tarantella (shapeshifter) (Vaults:5)
  A raiju (shapeshifter) (Elf:3)
  10 blink frogs
  27 slime creatures
  4 air elementals
  A vampire (D:12)
  15 spriggans
  2 shadows
  A wyvern (shapeshifter) (Vaults:5)
  Sigmund (D:2)
  47 yaks
  3 water elementals
  5 fire elementals
  8 wraiths
  A human (D:14)
  A ynoxinul (Depths:2)
  2 hogs (D:14)
  3 wyverns
  3 fire bats (Gauntlet)
  5 basilisks
  2 steam dragons
  8 wargs
  3 vampire mosquitoes (D:14)
  33 nagas
  28 swamp worms
  6 acid dragons
  2 hell hounds (Snake:1)
  16 water moccasins
  7 swamp drakes
  30 orc warriors
  4 black bears
  2 ice beasts
  2 sky beasts
  4 boggarts
  12 ogres
  13 wolves
  17 centaurs
  3 kobold brigands
  2 gnoll sergeants
  7 earth elementals
  3 scorpions
  10 bullfrogs
  A small abomination (Depths:3)
  A wight (D:10)
  10 killer bees
  3 jellies
  4 hounds
  3 gnoll boudas
  19 orc priests
  A sleepcap (D:7)
  4 hell rats (Lair:2)
  25 orc wizards
  6 iguanas
  26 gnolls
  10 adders
  A shadow imp (D:7)
  2 white imps (D:6)
  4 ufetubi
  8 dart slugs
  95 orcs
  8 ball pythons
  12 bats
  4 endoplasms
  3 giant cockroaches
  5 goblins
  5 hobgoblins
  4 jackals (D:4)
  20 kobolds
  3 quokkas
  2 frilled lizards
  6 rats
  2 butterflies (Zot:4)
2007 creatures vanquished.

Vanquished Creatures (others)
  A green draconian (Zot:4)
  A mana viper (Snake:2)
  A bloated husk (Swamp:1)
  An orc warrior (Orc:2)
  4 foxfires (Swamp:2)
  67 spectral weapons
75 creatures vanquished.

Grand Total: 2082 creatures vanquished

Notes
Turn   | Place    | Note
-------+----------+-------------------------------------------
     0 | D:1      | Wizard1ke the Tengu Fighter began the quest for the Orb.
     0 | D:1      | Reached XP level 1. HP: 14/14 MP: 2/2
   166 | D:1      | Reached XP level 2. HP: 19/19 MP: 3/3
   355 | D:1      | Found Xodab's Book Emporium.
   530 | D:1      | Found a faded altar of an unknown god.
   539 | D:1      | Prayed at the altar of an unknown god.
   539 | D:1      | Became a worshipper of Warmaster Okawaru
   539 | D:1      | Reached * piety under Okawaru
   742 | D:1      | Reached XP level 3. HP: 19/23 MP: 4/4
  1070 | D:2      | Reached skill level 3 in Long Blades
  1100 | D:2      | Noticed Sigmund
  1692 | D:3      | Reached XP level 4. HP: 28/28 MP: 5/5
  1719 | D:3      | Noticed Grinder
  1741 | D:3      | Paralysed by Grinder for 3 turns
  1758 | D:3      | Paralysed by Grinder for 5 turns
  1765 | D:3      | Paralysed by Grinder for 2 turns
  1770 | D:2      | HP: 1/28 [Grinder/nerve-wracking pain (14)]
  2112 | D:3      | Found a glowing silver altar of Zin.
  2248 | D:3      | Found a runed translucent door.
  2249 | D:3      | Noticed Crazy Yiuf
  2264 | D:3      | Reached skill level 1 in Invocations
  2362 | D:3      | Gained mutation: Your magical nature lets you fly swiftly
                  | and evasively. [Tengu growth]
  2362 | D:3      | Reached XP level 5. HP: 33/33 MP: 6/6
  2441 | D:3      | Found a hazy altar of Hepliaklqana.
  2546 | D:4      | Learned a level 2 spell: Blink
  2625 | D:4      | Noticed an ogre
  2769 | D:4      | Noticed a black bear
  2777 | D:4      | Killed a black bear
  2778 | D:4      | Reached XP level 6. HP: 35/38 MP: 4/8
  2859 | D:4      | Reached ** piety under Okawaru
  2860 | D:4      | Reached skill level 4 in Long Blades
  3106 | D:5      | Entered Level 5 of the Dungeon
  3142 | D:5      | Identified the +1 long sword of Pride {speed, Int+6 SInv
                  | Stlth+}
  3437 | D:5      | Found a sparkling altar of Nemelex Xobeh.
  3542 | D:5      | Noticed a troll
  3555 | D:5      | Killed a troll
  3556 | D:5      | Reached XP level 7. HP: 30/44 MP: 6/10
  3652 | D:5      | Reached skill level 5 in Fighting
  3652 | D:5      | Reached skill level 5 in Shields
  3666 | D:5      | Found a sacrificial altar of Ru.
  3672 | D:5      | Reached skill level 1 in Dodging
  3681 | D:5      | Found a hide-covered altar of Uskayaw.
  3698 | D:5      | Reached skill level 5 in Long Blades
  3994 | D:5      | Found a shadowy altar of Dithmenos.
  3995 | D:5      | Found an iron altar of Okawaru.
  3996 | D:5      | Found a blossoming altar of Fedhas.
  3996 | D:5      | Found a shimmering altar of Xom.
  4126 | D:5      | Reached XP level 8. HP: 48/50 MP: 11/11
  4277 | D:6      | Found a staircase to the Ecumenical Temple.
  4308 | D:6      | Reached *** piety under Okawaru
  4323 | Temple   | Entered the Ecumenical Temple
  4456 | D:6      | Reached skill level 6 in Long Blades
  4685 | D:6      | Found a broken altar of Ashenzari.
  4897 | D:7      | Noticed a yak
  4912 | D:7      | Noticed a yak
  4914 | D:7      | Killed a yak
  4914 | D:7      | Reached **** piety under Okawaru
  4915 | D:7      | Reached XP level 9. HP: 52/56 MP: 13/13
  4926 | D:7      | Reached skill level 7 in Long Blades
  4990 | D:5      | Reached skill level 5 in Dodging
  5050 | D:7      | Reached skill level 8 in Long Blades
  5091 | D:7      | Noticed Jeremiah
  5156 | D:7      | Killed Jeremiah
  5214 | D:7      | Learned a level 4 spell: Manifold Assault
  5315 | D:7      | Found a bloodstained altar of Trog.
  5316 | D:7      | Noticed a kobold demonologist
  5332 | D:7      | Noticed a hellwing
  5336 | D:7      | Killed a kobold demonologist
  5336 | D:7      | Reached ***** piety under Okawaru
  5337 | D:7      | Reached XP level 10. HP: 38/64 MP: 11/14
  5340 | D:7      | Reached skill level 5 in Invocations
  5460 | D:6      | Reached skill level 9 in Long Blades
  6073 | D:8      | Found a glowing golden altar of the Shining One.
  6287 | D:8      | Received a gift from Okawaru
  6753 | D:9      | Reached skill level 10 in Long Blades
  6943 | D:9      | Found a staircase to the Lair.
  6959 | D:9      | Identified the +4 barding "Jidghum" {Str+5}
  7258 | D:9      | Found an ancient bone altar of Kikubaaqudgha.
  7371 | D:10     | Entered Level 10 of the Dungeon
  7445 | D:10     | Reached XP level 11. HP: 42/72 MP: 17/17
  7516 | D:10     | Reached skill level 10 in Fighting
  7565 | D:10     | Noticed a four-headed hydra
  7565 | D:10     | Noticed a boulder beetle
  7589 | D:10     | Received a gift from Okawaru
  7590 | D:10     | Reached skill level 11 in Long Blades
  7612 | D:10     | Killed a boulder beetle
  7630 | D:10     | Killed a four-headed hydra
  7652 | D:10     | Noticed a wizard
  7659 | D:10     | Killed a wizard
  7686 | D:10     | Noticed a boulder beetle
  7714 | D:10     | Killed a boulder beetle
  7715 | D:10     | Reached skill level 12 in Long Blades
  7726 | D:10     | Learned a level 3 spell: Vhi's Electric Charge
  7765 | D:10     | Found a staircase to the Orcish Mines.
  7898 | D:10     | Noticed Urug
  7928 | D:10     | Killed Urug
  8008 | D:10     | Noticed Amaemon
  8012 | D:10     | Noticed a two-headed ogre
  8049 | D:10     | Killed Amaemon
  8089 | D:10     | Killed a two-headed ogre
  8099 | D:10     | Reached XP level 12. HP: 50/79 MP: 16/19
  8439 | Lair:1   | Entered Level 1 of the Lair of Beasts
  8488 | Lair:1   | Noticed Prince Ribbit
  8501 | Lair:1   | Killed Prince Ribbit
  8501 | Lair:1   | Received a gift from Okawaru
  8522 | Lair:1   | Reached skill level 13 in Long Blades
  8612 | Lair:1   | Noticed an eight-headed hydra
  8895 | Lair:1   | Received a gift from Okawaru
  9271 | Lair:2   | Found a staircase to the Snake Pit.
  9354 | Lair:2   | Noticed a catoblepas
  9367 | Lair:2   | Killed a catoblepas
  9512 | Lair:2   | Noticed a seven-headed hydra
  9771 | Lair:2   | Noticed a six-headed hydra
  9781 | Lair:2   | Found a blossoming altar of Fedhas.
  9963 | Lair:3   | Found a staircase to the Swamp.
 10019 | Lair:3   | Reached skill level 14 in Long Blades
 10025 | Lair:3   | Identified the +2 pair of gloves "Vuitto Houph" {-Cast rC+
                  | Int-5 Dex+5} (Okawaru gifted it to you on level 3 of the
                  | Lair of Beasts)
 10025 | Lair:3   | Received a gift from Okawaru
 10077 | Lair:3   | Reached XP level 13. HP: 86/86 MP: 20/20
 10916 | Lair:4   | Found a gate leading to a gauntlet.
 10927 | Gauntlet | Entered a Gauntlet
 10927 | Gauntlet | Found a transporter.
 10927 | Gauntlet | Found a transporter.
 10931 | Gauntlet | Found a transporter.
 10943 | Gauntlet | Found a transporter.
 10955 | Gauntlet | Found a transporter.
 10967 | Gauntlet | Found a transporter.
 10968 | Gauntlet | Found a transporter.
 10974 | Gauntlet | Found a transporter.
 10978 | Gauntlet | Found a transporter.
 11008 | Gauntlet | Found a transporter.
 11019 | Gauntlet | Found a transporter.
 11028 | Gauntlet | Found a transporter.
 11070 | Gauntlet | Found a transporter.
 11084 | Gauntlet | Found a transporter.
 11186 | Gauntlet | Found a transporter.
 11200 | Gauntlet | Found a transporter.
 11305 | Gauntlet | Identified the +11 scimitar "Huesau" {spect, rElec Int+3}
 11378 | Gauntlet | Reached skill level 10 in Dodging
 11403 | Gauntlet | Noticed a minotaur
 11414 | Gauntlet | Killed a minotaur
 11618 | Lair:4   | Identified the +6 trident "Osoali" {freeze, Int+3}
 11719 | Lair:4   | Identified the +1 ring mail of Focus {Int+2}
 11918 | Lair:4   | Reached skill level 15 in Long Blades
 12247 | Lair:5   | Entered Level 5 of the Lair of Beasts
 12572 | Lair:5   | Identified the scarf of Words of Power {harm, rPois Str+5}
                  | (Okawaru gifted it to you on level 5 of the Lair of Beasts)
 12572 | Lair:5   | Received a gift from Okawaru
 12778 | Lair:5   | Found a staircase to the Slime Pits.
 12782 | Lair:5   | Found a viscous altar of Jiyva.
 12905 | Lair:5   | Found a runed translucent door.
 12906 | Lair:5   | Noticed an ice dragon
 12943 | Lair:5   | Reached XP level 14. HP: 86/95 MP: 21/21
 12965 | Lair:5   | Reached skill level 16 in Long Blades
 13767 | D:11     | Noticed Erica
 13777 | D:11     | Killed Erica
 14201 | Lair:2   | Received a gift from Okawaru
 14819 | D:11     | Noticed Snorg
 14827 | D:11     | Killed Snorg
 14918 | D:11     | Reached skill level 15 in Fighting
 15019 | D:11     | Reached skill level 17 in Long Blades
 15075 | D:11     | Identified the amulet "Cavvu" {Faith Rampage *Corrode
                  | Regen+ Dex+5}
 15077 | D:11     | Identified the +10 battleaxe of the Lesser Evil {spect,
                  | rCorr Stlth+}
 15161 | D:11     | Identified the +7 pearl dragon scales "Muxei" {+Inv rN+
                  | Int-2 Dex+6 Slay+3}
 15199 | D:11     | Got the Spellbook of Beguiling
 15452 | D:12     | Reached skill level 10 in Invocations
 15687 | D:12     | Received a gift from Okawaru
 15688 | D:12     | Reached XP level 15. HP: 95/103 MP: 22/24
 15699 | D:12     | Reached ****** piety under Okawaru
 15810 | D:12     | Noticed a sphinx
 15816 | D:12     | Killed a sphinx
 15819 | D:12     | Noticed a frost giant
 15827 | D:12     | Killed a frost giant
 15827 | D:12     | Identified the +1 long sword of Cataclysm {spect, *Slow
                  | rPois Dex+2} (Okawaru gifted it to you on level 12 of the
                  | Dungeon)
 15827 | D:12     | Received a gift from Okawaru
 15907 | D:12     | Noticed a frost giant
 15914 | D:12     | Noticed a storm dragon
 15915 | D:12     | Killed a frost giant
 15978 | D:12     | Killed a storm dragon
 16045 | D:12     | Identified the +8 hand axe of Huon {venom, Fragile rPois
                  | Str+3}
 16045 | D:12     | Noticed a tengu reaver
 16059 | D:12     | Killed a tengu reaver
 16278 | D:13     | Found a gate to the Vaults.
 16282 | D:13     | Received a gift from Okawaru
 16329 | D:13     | Noticed Rupert
 16341 | D:13     | Noticed Erolcha
 16343 | D:13     | Killed Rupert
 16347 | D:13     | Killed Erolcha
 16451 | D:13     | Found a runed translucent gate.
 16451 | D:13     | Found a runed translucent gate.
 16451 | D:13     | Found a runed translucent gate.
 16457 | D:13     | Found the ring of Shadows {Umbra +Inv Stlth+}
 16459 | D:13     | Noticed Ituecuf's ghost (journeyman DsSh)
 16483 | D:13     | Killed Ituecuf's ghost
 16671 | D:13     | Noticed Frances
 16680 | D:13     | Killed Frances
 16833 | D:13     | Reached skill level 1 in Evocations
 16953 | D:13     | Reached XP level 16. HP: 102/108 MP: 27/27
 17214 | Orc:1    | Entered Level 1 of the Orcish Mines
 17272 | Orc:2    | Entered Level 2 of the Orcish Mines
 17315 | Orc:2    | Found a runed translucent gate.
 17316 | Orc:2    | Found a runed translucent gate.
 17317 | Orc:2    | Found a runed translucent gate.
 17325 | Orc:2    | Found an opulent altar of Gozag.
 17326 | Orc:2    | Noticed YoyoCobra's ghost (journeyman MiGl)
 17384 | Orc:2    | Found a staircase to the Elven Halls.
 17403 | Orc:2    | Found Doek's General Store.
 17422 | Orc:2    | Bought a potion of enlightenment for 75 gold pieces
 17422 | Orc:2    | Bought a scroll of fear for 60 gold pieces
 17547 | Orc:2    | Found Onkomiure's Assorted Antiques.
 17560 | Orc:2    | Killed YoyoCobra's ghost
 17588 | Orc:2    | Bought a knobbly bronze ring for 165 gold pieces
 17876 | Orc:2    | Reached skill level 5 in Evocations
 17894 | Orc:2    | Found Revuax's Antique Weapon Shoppe.
 17896 | Orc:2    | Found Maorruuv's Antique Armour Emporium.
 18002 | Orc:2    | Found Tuisuypp's Antique Weapon Emporium.
 18424 | Orc:1    | Noticed Harold
 18431 | Orc:1    | Reached skill level 15 in Invocations
 18435 | Orc:1    | Killed Harold
 18435 | Orc:1    | Received a gift from Okawaru
 18692 | D:14     | Noticed Agnes
 18697 | D:14     | Found a portal to a secret trove of treasure.
 18699 | D:14     | Killed Agnes
 18741 | D:14     | Identified the +0 pair of boots "Zeevihixa" {+Inv Fly rN+}
 18876 | D:14     | Noticed Josephine
 18884 | D:14     | Killed Josephine
 18897 | D:14     | Received a gift from Okawaru
 18947 | D:14     | Noticed Kirke
 18953 | D:14     | Killed Kirke
 19253 | D:15     | Entered Level 15 of the Dungeon
 19570 | D:15     | Found a shadowy altar of Dithmenos.
 19989 | D:15     | Found a staircase to the Depths.
 20195 | Orc:2    | Bought a ring of fire for 375 gold pieces
 20195 | Orc:2    | Bought a potion of resistance for 150 gold pieces
 20228 | Orc:2    | Bought a scroll of teleportation for 99 gold pieces
 20228 | Orc:2    | Bought a potion of haste for 330 gold pieces
 20228 | Orc:2    | Bought a scroll of fog for 132 gold pieces
 20228 | Orc:2    | Bought a wand of roots (4) for 316 gold pieces
 20391 | Snake:1  | Entered Level 1 of the Snake Pit
 20439 | Snake:1  | Noticed Azrael
 20446 | Snake:1  | Reached skill level 10 in Evocations
 20449 | Snake:1  | Killed Azrael
 20450 | Snake:1  | Reached skill level 1 in Translocations
 20967 | Snake:1  | Reached XP level 17. HP: 109/113 MP: 29/29
 21516 | Snake:2  | Received a gift from Okawaru
 21517 | Snake:2  | Reached skill level 5 in Translocations
 21818 | Snake:2  | Identified the +0 pair of gloves of Protective Custody {rF+
                  | Dex+4} (Okawaru gifted it to you on level 2 of the Snake
                  | Pit)
 21818 | Snake:2  | Received a gift from Okawaru
 21876 | Snake:2  | Reached skill level 1 in Air Magic
 22550 | Snake:3  | Reached skill level 5 in Air Magic
 23382 | Snake:4  | Entered Level 4 of the Snake Pit
 23393 | Snake:4  | Found Noats's Jewellery Emporium.
 23407 | Snake:4  | Bought the amulet "Etesm" {RegenMP rC+ Will+ Slay+6} for
                  | 897 gold pieces
 23624 | Snake:4  | Received a gift from Okawaru
 23682 | Snake:4  | Reached XP level 18. HP: 119/119 MP: 26/30
 23938 | Arena    | Entered the Arena
 24044 | Snake:4  | Identified the +0 buckler of Loss {Will+ Str+3} (Okawaru
                  | gifted it to you on level 4 of the Snake Pit)
 24044 | Snake:4  | Received a gift from Okawaru
 24050 | Snake:4  | Reached skill level 10 in Air Magic
 24056 | Snake:4  | Got a serpentine rune of Zot
 24134 | Snake:4  | Found a runed translucent door.
 24135 | Snake:4  | Noticed mini's ghost (adept GnMo)
 24143 | Snake:4  | Reached skill level 10 in Translocations
 24157 | Snake:4  | Killed mini's ghost
 24186 | Snake:4  | Reached skill level 1 in Spellcasting
 24611 | Snake:4  | Found Syos's Armour Boutique.
 25011 | Swamp:1  | Entered Level 1 of the Swamp
 25686 | Vaults:1 | Entered Level 1 of the Vaults
 25866 | Vaults:1 | Identified the +3 ring mail of Light {rCorr Int+2}
 26169 | Vaults:1 | You are sucked into a shaft and drop 1 floor!
 26524 | Vaults:2 | Identified the +0 scale mail of Namian {-Cast Str-4 Dex+6}
 26607 | Vaults:2 | Reached skill level 5 in Spellcasting
 26607 | Vaults:2 | Received a gift from Okawaru
 26611 | Vaults:2 | Reached XP level 19. HP: 114/124 MP: 31/31
 26617 | Vaults:2 | Identified a scroll of acquirement
 27606 | Vaults:1 | Found a large runed translucent door.
 27606 | Vaults:1 | Found a large runed translucent door.
 27606 | Vaults:1 | Noticed Nycvuote's ghost (adept DrSh)
 27606 | Vaults:1 | Noticed Yngio's ghost (adept DjFE)
 27686 | Vaults:1 | Identified the +5 long sword "Orb Guardian's Doom" {pain,
                  | rF+ Int+3}
 28564 | Vaults:2 | Found Homocsom's Weapon Shop.
 29500 | Vaults:3 | Reached skill level 10 in Shields
 29550 | Vaults:3 | Noticed a bone dragon
 29564 | Vaults:3 | Killed a bone dragon
 29654 | Vaults:3 | Found a staircase to the Crypt.
 29903 | Vaults:3 | Noticed Zenata
 30555 | Vaults:3 | Identified the +0 chain mail of Okawaru's Envy {Regen+}
                  | (Okawaru gifted it to you on level 3 of the Vaults)
 30555 | Vaults:3 | Received a gift from Okawaru
 31030 | Vaults:4 | Reached skill level 5 in Armour
 31545 | Vaults:4 | Reached XP level 20. HP: 129/129 MP: 32/32
 32903 | Elf:1    | Entered Level 1 of the Elven Halls
 33011 | Elf:1    | Upgraded the game from 0.31-a0-620-gd1cbd99 to
                  | 0.31-a0-624-g18b9692
 33050 | Elf:1    | Noticed Roxanne
 33554 | Elf:1    | Identified the ring of Dishonour {rC++ Str+6}
 33561 | Elf:1    | Identified the +7 scale mail "Sonkukh" {Slay+3} (Okawaru
                  | gifted it to you on level 1 of the Elven Halls)
 33561 | Elf:1    | Received a gift from Okawaru
 34548 | Elf:2    | Found a runed translucent gate.
 34549 | Elf:2    | Found a runed translucent gate.
 34549 | Elf:2    | Found a runed translucent gate.
 34985 | Elf:3    | Entered Level 3 of the Elven Halls
 35314 | Elf:3    | Reached XP level 21. HP: 134/134 MP: 30/34
 35613 | Elf:3    | Reached skill level 15 in Dodging
 35651 | Elf:3    | Identified the +12 triple crossbow of Okawaru, Disbelieving
                  | {flame, Str+3} (Okawaru gifted it to you on level 3 of the
                  | Elven Halls)
 35651 | Elf:3    | Received a gift from Okawaru
 36225 | Elf:3    | Identified the +6 rapier "Trog's Brutal Revenge" {freeze,
                  | rElec}
 36231 | Elf:3    | Identified the ring of Wihor {rF- rN+ Int+3 Dex+3 Slay+4}
 36257 | Elf:3    | Identified the +0 cloak of Fyn Ceyl {rN+ Int+3 Dex+2}
 36268 | Elf:3    | Identified the ring of Attitude {Wiz rCorr}
 36767 | Snake:4  | Bought a ring of poison resistance for 240 gold pieces
 37123 | Swamp:1  | Identified the +0 robe "Hisetyl" {rC+ rN+ Int-5 Archmagi}
                  | (Okawaru gifted it to you on level 1 of the Swamp)
 37123 | Swamp:1  | Received a gift from Okawaru
 38894 | Swamp:4  | Entered Level 4 of the Swamp
 39153 | Swamp:4  | Found a runed translucent door.
 39369 | Swamp:4  | Identified the +7 falchion "Zoac" {venom, +Blink rF+ Str-3
                  | Dex+3} (Okawaru gifted it to you on level 4 of the Swamp)
 39369 | Swamp:4  | Received a gift from Okawaru
 39575 | Swamp:4  | Noticed the 27-headed Lernaean hydra
 39591 | Swamp:4  | Killed the 26-headed Lernaean hydra
 39592 | Swamp:4  | Reached XP level 22. HP: 118/140 MP: 4/35
 39662 | Swamp:4  | Got a decaying rune of Zot
 39775 | Swamp:4  | Noticed Rehajen's ghost (journeyman FeSu)
 39824 | Swamp:4  | Killed Rehajen's ghost
 39831 | Swamp:4  | Identified the +1 falchion "Jusaagoh" {drain, rCorr SInv}
 40117 | Depths:1 | Entered Level 1 of the Depths
 40387 | Depths:1 | Found a one-way gateway to a ziggurat.
 40390 | Depths:1 | Found a gateway to Hell.
 40776 | Depths:1 | Identified the +3 ring mail of Resourcefulness {Rampage
                  | rPois rC+++ Int-2} (Okawaru gifted it to you on level 1 of
                  | the Depths)
 40776 | Depths:1 | Received a gift from Okawaru
 40882 | Depths:2 | Found a one-way gate leading to the halls of Pandemonium.
 41179 | Depths:2 | Reached skill level 15 in Shields
 41449 | Arena    | Entered the Arena
 41705 | Depths:2 | Identified the +2 chain mail "Cioluuc" {Dex+3}
 42006 | Depths:2 | Found Exedyups's Distillery.
 42025 | Depths:2 | Bought a potion of invisibility for 128 gold pieces
 42025 | Depths:2 | Bought a potion of brilliance for 64 gold pieces
 42025 | Depths:2 | Bought a potion of lignification for 48 gold pieces
 42025 | Depths:2 | Bought a potion of heal wounds for 80 gold pieces
 42169 | Depths:2 | Identified the +10 dagger "Fycum" {elec, Dex+5}
 42242 | Depths:2 | Noticed Margery
 42246 | Depths:2 | Killed Margery
 42282 | Depths:2 | Found a corrupted altar of Lugonu.
 42282 | Depths:2 | Found a one-way gate to the infinite horrors of the Abyss.
 42955 | Depths:3 | Reached XP level 23. HP: 146/146 MP: 36/36
 43149 | Depths:3 | Reached skill level 10 in Armour
 43384 | Depths:3 | Identified the +3 quarterstaff "Peyvuxeg" {spect, rCorr
                  | MP-9 Int+4} (Okawaru gifted it to you on level 3 of the
                  | Depths)
 43384 | Depths:3 | Received a gift from Okawaru
 43642 | Depths:3 | Noticed a golden dragon
 43651 | Depths:3 | Killed a golden dragon
 43662 | Depths:3 | Noticed a golden dragon
 43672 | Depths:3 | Killed a golden dragon
 43802 | Depths:3 | Identified the +5 ring mail "Acsywaes" {+Inv Str-3 Int+2}
 44086 | Depths:3 | Identified the +2 chain mail of Uthix {Str+3} (Okawaru
                  | gifted it to you on level 3 of the Depths)
 44086 | Depths:3 | Received a gift from Okawaru
 44317 | Depths:3 | Noticed a caustic shrike
 44317 | Depths:3 | Noticed a caustic shrike
 44317 | Depths:3 | Noticed a caustic shrike
 44453 | Depths:3 | Killed a caustic shrike
 44460 | Depths:3 | Killed a caustic shrike
 44462 | Depths:3 | Killed a caustic shrike
 44577 | Depths:4 | Entered Level 4 of the Depths
 44763 | Depths:4 | Noticed a golden dragon
 44953 | Depths:4 | Noticed a golden dragon
 44961 | Depths:4 | Killed a golden dragon
 45044 | Depths:4 | Noticed Sojobo
 45560 | Depths:4 | Noticed a golden dragon
 45568 | Depths:4 | Killed a golden dragon
 45850 | Depths:4 | Killed Sojobo
 46047 | Depths:4 | Killed a golden dragon
 46048 | Depths:4 | Reached XP level 24. HP: 156/156 MP: 11/36
 46496 | Depths:4 | Found a gate to the Realm of Zot.
 47081 | Vaults:5 | Entered Level 5 of the Vaults
 47431 | Vaults:5 | Found the +0 pair of fencer's gloves {Riposte Dex+3}
 47686 | Vaults:5 | Identified the +2 battleaxe "Ziekkaf" {freeze, *Corrode
                  | Str+8 SInv Stlth-}
 48090 | Vaults:5 | Identified the +8 demon blade "Xotop" {freeze, +Blink rF+}
                  | (Okawaru gifted it to you on level 5 of the Vaults)
 48090 | Vaults:5 | Received a gift from Okawaru
 48360 | Vaults:5 | Noticed Mara
 48364 | Vaults:5 | Identified the +9 flail "Feiwk" {pain, rC+ MP+9 Str+2
                  | Stlth-}
 48370 | Vaults:5 | Killed Mara
 48407 | Vaults:5 | Got a silver rune of Zot
 48411 | Vaults:5 | Identified the +0 pair of gloves of Pauvu {Harm +Inv Will-}
 48427 | Vaults:5 | Identified the +6 longbow "Giant's Toothpick" {drain, rC+}
 48603 | Vaults:5 | Received a gift from Okawaru
 48789 | Vaults:5 | Reached XP level 25. HP: 168/168 MP: 33/36
 48807 | Vaults:5 | Found Dotsisuf's Book Boutique.
 48978 | Vaults:5 | Noticed a dread lich
 48982 | Vaults:5 | Killed a dread lich
 49367 | Zot:1    | Entered Level 1 of the Realm of Zot
 49606 | Zot:1    | Reached skill level 18 in Long Blades
 49986 | Zot:1    | Received a gift from Okawaru
 50578 | Zot:2    | Reached skill level 19 in Long Blades
 51385 | Zot:3    | Noticed a Killer Klown
 51393 | Zot:3    | Killed a Killer Klown
 51545 | Zot:3    | Reached skill level 20 in Long Blades
 51929 | Zot:3    | Received a gift from Okawaru
 52136 | Zot:3    | Identified the +7 glaive of Biojyari {flame, +Blink rN+}
 52500 | Zot:3    | Noticed an orb of fire
 52500 | Zot:3    | Gained mutation: Your magical capacity is low. (-10% MP)
                  | [an orb of fire]
 52505 | Zot:3    | Gained mutation: Your spells are a little easier to cast,
                  | but a little less powerful. [an orb of fire]
 52508 | Zot:3    | Gained mutation: Your magical capacity is very low. (-20%
                  | MP) [an orb of fire]
 52509 | Zot:3    | Killed an orb of fire
 52510 | Zot:3    | Reached skill level 21 in Long Blades
 52864 | Zot:4    | Noticed a Killer Klown
 52864 | Zot:4    | Noticed a Killer Klown
 52866 | Zot:4    | Noticed a Killer Klown
 52867 | Zot:4    | Noticed a Killer Klown
 52956 | Zot:3    | Killed a Killer Klown
 52965 | Zot:3    | Killed a Killer Klown
 53127 | Zot:4    | Killed a Killer Klown
 53128 | Zot:4    | Reached XP level 26. HP: 165/174 MP: 27/29
 53135 | Zot:4    | Killed a Killer Klown
 53262 | Zot:4    | Found a shimmering altar of Xom.
 53264 | Zot:4    | Found a glowing silver altar of Zin.
 53264 | Zot:4    | Found a shimmering altar of Xom.
 53264 | Zot:4    | Found a shimmering altar of Xom.
 53324 | Zot:4    | Reached skill level 22 in Long Blades
 53342 | Zot:4    | Found a shimmering altar of Xom.
 53363 | Zot:4    | Received a gift from Okawaru
 53911 | Zot:4    | Reached skill level 23 in Long Blades
 54414 | Zot:5    | Entered Level 5 of the Realm of Zot
 54778 | Zot:5    | Identified the scarf of Free Will {harm, rF+} (Okawaru
                  | gifted it to you on level 5 of the Realm of Zot)
 54778 | Zot:5    | Received a gift from Okawaru
 54794 | Zot:5    | Noticed an ancient lich
 54800 | Zot:5    | Killed an ancient lich
 54801 | Zot:5    | Noticed a dread lich
 55020 | Zot:5    | Reached skill level 24 in Long Blades
 55082 | Zot:5    | Noticed an ancient lich
 55082 | Zot:5    | Noticed an orb of fire
 55086 | Zot:5    | Gained mutation: You are frail. (-10% HP) [an orb of fire]
 55097 | Zot:5    | Killed an ancient lich
 55102 | Zot:5    | Gained mutation: Your spells are easier to cast, but less
                  | powerful. [an orb of fire]
 55109 | Zot:5    | Killed an orb of fire
 55129 | Zot:5    | Lost mutation: Your magical capacity is very low. (-20% MP)
                  | [potion of mutation]
 55129 | Zot:5    | Lost mutation: Your spells are easier to cast, but less
                  | powerful. [potion of mutation]
 55129 | Zot:5    | Gained mutation: You are vulnerable to cold. (rC-) [potion
                  | of mutation]
 55130 | Zot:5    | Lost mutation: You are vulnerable to cold. (rC-) [potion of
                  | mutation]
 55130 | Zot:5    | Lost mutation: You are frail. (-10% HP) [potion of
                  | mutation]
 55130 | Zot:5    | Lost mutation: Your magical capacity is low. (-10% MP)
                  | [potion of mutation]
 55130 | Zot:5    | Gained mutation: You are clumsy. (Dex -2) [potion of
                  | mutation]
 55130 | Zot:5    | Gained mutation: You sometimes lose your temper in combat.
                  | [potion of mutation]
 55130 | Zot:5    | Lost mutation: You are clumsy. (Dex -2) [potion of
                  | mutation]
 55131 | Zot:5    | Lost mutation: You sometimes lose your temper in combat.
                  | [potion of mutation]
 55131 | Zot:5    | Lost mutation: Your spells are a little easier to cast, but
                  | a little less powerful. [potion of mutation]
 55131 | Zot:5    | Gained mutation: You have hidden genetic potential. [potion
                  | of mutation]
 55406 | Zot:5    | Killed a dread lich
 55429 | Zot:5    | Noticed a Killer Klown
 55431 | Zot:5    | Noticed an orb of fire
 55433 | Zot:5    | Noticed an orb of fire
 55440 | Zot:5    | Noticed a Killer Klown
 55442 | Arena    | Entered the Arena
 55442 | Arena    | Gained mutation: You occasionally lose the ability to drink
                  | potions when taking damage. [an orb of fire]
 55445 | Arena    | Killed an orb of fire
 55465 | Arena    | Entered the Arena
 55470 | Arena    | Killed an orb of fire
 55490 | Zot:5    | Killed a Killer Klown
 55493 | Zot:5    | Noticed an orb of fire
 55504 | Zot:5    | Killed an orb of fire
 55505 | Zot:5    | Reached skill level 25 in Long Blades
 55518 | Zot:5    | Killed a Killer Klown
 55669 | Zot:5    | Noticed a Killer Klown
 55676 | Zot:5    | Killed a Killer Klown
 55737 | Zot:5    | Noticed an ancient lich
 55748 | Zot:5    | Killed an ancient lich
 55778 | Zot:5    | Noticed an orb of fire
 55796 | Zot:5    | Reached XP level 27. HP: 132/179 MP: 28/36
 55799 | Zot:5    | Killed an orb of fire
 55867 | Zot:5    | Learned a level 1 spell: Apportation
 55871 | Zot:5    | Got the Orb of Zot
 55900 | Zot:5    | Noticed an orb of fire
 55912 | Zot:5    | Gained mutation: You do not regenerate when monsters are
                  | visible. [an orb of fire]
 55914 | Zot:5    | Killed an orb of fire
 55915 | Zot:5    | Reached skill level 26 in Long Blades
 55919 | Zot:5    | Received a gift from Okawaru
 56156 | Depths:3 | Noticed Geso the pandemonium lord
 56446 | D:2      | Killed Grinder
 56453 | D:2      | Killed Sigmund
 56465 | D:1      | Noticed Awoam the pandemonium lord
 56484 | D:$      | Escaped with the Orb!

Illustrated notes

Levels and vault maps discovered:
D:1:      evilmike_arrival_plus, layout_basic, serial_shops,
          nicolae_shop_pleasant_corner_grove,
          hellmonk_ecumenical_altar_inner_sanctum, hex_tiny
D:2:      layout_basic, kennysheep_boxes, uniq_sigmund
D:3:      layout_basic, lemuel_coloured_pillars_altar, zin_academy,
          kennysheep_nondescript, uniq_crazy_yiuf_cottage, uniq_grinder
D:4:      layout_rooms
D:5:      layout_cave_pods, nicolae_uskayaw_suspiria,
          mainiacjoe_overflow_brackets, mainiacjoe_overflow_alcove_1,
          mainiacjoe_overflow_alcove_3, hex_large, minivault_1,
          nicolae_half_adder
D:6:      layout_cave_pools, marbit_many_paths, minmay_temple_entry_junction
D:7:      layout_layer_cave, bloody_trog, uniq_jeremiah
D:8:      layout_basic, nicolae_tso_carved_into_rock
D:9:      layout_small_grid, nicolae_kikubaaqudgha_miasma_corner,
          lair_entry_dummy
D:10:     nzn_winding_woodlands_three_and_one
          [nzn_winding_woodlands_5x15_longhouse,
          nzn_winding_woodlands_5x15_garden, nzn_winding_woodlands_5x15_pool,
          nzn_winding_woodlands_center_triple_pond], layout_rooms, orc_0_dummy,
          minmay_fractal_squares_5, uniq_amaemon, uniq_urug
D:11:     minmay_the_grid_four_pointed_star
          [minmay_the_grid_triangle_9x9_warning,
          minmay_the_grid_triangle_9x9_steps,
          minmay_the_grid_triangle_9x9_longest,
          minmay_the_grid_triangle_9x9_shrine, minmay_the_grid_prize_trominoes],
          layout_cave_pools, st_stairs_13, uniq_snorg, uniq_erica
D:12:     minmay_tearing_corner, layout_cave_pools
D:13:     layout_loops_ring, grunt_vaults_entry_fortified,
          gammafunk_ghost_spectres, uniq_frances, uniq_rupert, uniq_erolcha
D:14:     layout_basic, chequers_serial_rivers_micro_e, enter_trove_0,
          uniq_kirke, uniq_josephine, uniq_agnes
D:15:     grunt_enter_depths_hoard, layout_loops_ring,
          nicolae_dithmenos_through_a_glass_darkly, minivault_20
Temple:   nicolae_temple_ecumenical_triangle
Lair:1:   layout_long_grid, serial_rivers, chequers_serial_rivers_micro_d,
          chequers_serial_rivers_large_b, chequers_serial_rivers_small_3,
          chequers_serial_rivers_micro_d, chequers_serial_rivers_micro_b,
          uniq_prince_ribbit2
Lair:2:   layout_roguey, guppyfry_snake_entry_island, basic_altar, st_stairs_5,
          dreamdust_gnoll_shepherd
Lair:3:   layout_long_grid, minmay_swamp_entry_worms, nzn_sisyphean_effort,
          grunt_megastairs_2, infiniplex_staircase_pool
Lair:4:   layout_regular_city, gauntlet_entry_generic
Lair:5:   guppyfry_lair_end_dragon, layout_regular_city, wormcave,
          nicolae_slime_entry_field_trip
Swamp:1:  layout_falls_marsh, evilmike_swamp_ruin_house_2
Swamp:2:  layout_basic_swamp, evilmike_swamp_ruin_house_5, swamp_pool3,
          nicolae_swamp_vermiculated
Swamp:3:  layout_falls_marsh, nicolae_swamp_tree_isthmus
Swamp:4:  swamp_old_school, layout_basic_swamp, ebering_ghost_inner_flame
Snake:1:  layout_chambers, uniq_azrael
Snake:2:  layout_cave_shapes, grunt_ministairs_14
Snake:3:  layout_chambers, hangedman_snake_pattern
Snake:4:  grunt_snake_rune_pools, layout_layer_cave, serial_shops, shop,
          hellmonk_ghost_happy_afterlife, minmay_shop_star
Orc:1:    cheibrodos_orc_guarddog, layout_diamond_mine, roderic_batcave,
          uniq_harold
Orc:2:    grunt_orc_community_town_hall, layout_caves,
          grunt_orc_community_big_house_1, grunt_orc_community_big_house_2,
          grunt_orc_community_house_1, grunt_orc_community_house_2,
          grunt_orc_community_house_3, grunt_orc_community_house_3,
          grunt_orc_community_house_2, ebering_ghost_gozag
Elf:1:    minmay_elf_arrival_plus, layout_gridlike, hangedman_elf_disciples,
          grunt_ministairs_1, kb_rosetta, uniq_roxanne
Elf:2:    nicolae_elf_blades_crystal_corner, layout_gridlike
Elf:3:    minmay_elf_hall_circle, layout_onion_city
Vaults:1: advil_vaults_ghost_guards, nicolae_vaults_stand_back,
          nicolae_vaults_three_branches, nicolae_vaults_yaktaur_gun_rack,
          nicolae_vaults_trapezoid_lopsided_3, hangedman_vaults_stitches,
          nicolae_vaults_asterisk, v_misc_18, serial_ice_b,
          layout_vaults_omnicross
Vaults:2: nicolae_vaults_taking_the_gang_shopping, nicolae_vaults_trapezoid_2,
          nicolae_vaults_trapezoid_1, ontoclasm_vaults_ring_square,
          nicolae_vaults_diagonal_hallway_9, nicolae_vaults_security_offices_1,
          serial_ice_h, vaults_dpeg_encased_lava, layout_vaults_omnigrid
Vaults:3: nicolae_vaults_angled_halls, hangedman_vaults_trim,
          nicolae_vaults_little_squares_6, st_diamondy,
          nicolae_vaults_cornered_office, minmay_crypt_entry_nasty_monster,
          v_pattern_5, nicolae_vaults_trapezoid_lopsided_2, vaults_mumra_lcd,
          ontoclasm_vaults_fault, nicolae_vaults_diagonal_hallway_9,
          nicolae_vaults_tetromino_L_1, nicolae_vaults_surprise_closet,
          layout_vaults_omnibox, serial_shops, shop_statue, uniq_zenata
Vaults:4: ontoclasm_vaults_decontamination, nicolae_vaults_closet_pinwheel_5,
          ontoclasm_vaults_ligature, v_misc_4, ontoclasm_vaults_shout,
          hangedman_vaults_cutoff, layout_vaults_chaotic_city
Vaults:5: uniq_mara
Depths:1: layout_cross, enter_ziggurat_e,
          hangedman_abyss_or_decor_jellyfish_corner, hell_entry,
          kennysheep_generic_room_4
Depths:2: evilmike_diamond_2, layout_long_grid, grunt_metal_band, serial_shops,
          shop, rand_demon_pan_entry_3, abyss_entry_flame_altar,
          kennysheep_donut, nicolae_twisty_statue_hallways,
          infiniplex_staircase_zigzag_3
Depths:3: grunt_runaround [grunt_runaround_doors_1, grunt_runaround_doors_2,
          grunt_runaround_doors_3, grunt_runaround_doors_4,
          grunt_runaround_loot], abyss_entry, hell_entry
Depths:4: evilmike_zot_entry_argh, layout_cave_shapes, pf_hell_entry_great_geh,
          chequers_serial_rivers_micro_c, uniq_sojobo
Zot:1:    layout_onion, nicolae_lava_and_water, st_stairs_10,
          grunt_ministairs_14
Zot:2:    layout_gridlike, grunt_megastairs_3
Zot:3:    layout_basic, skrybe_zot_glass_3, grunt_megastairs_1
Zot:4:    dreamdust_zin_vs_xom, layout_onion, zot_minivault_4
Zot:5:    layout_cathedral_of_symmetry

Skill      XL: |  1  2  3  4  5  6  7  8  9 10 11 12 13 14 15 16 17 18 19 20 21 22 23 24 25 26 27 |
---------------+----------------------------------------------------------------------------------+-----
Long Blades    | 3 4 5 6 8 10 12 14 15 17 21 25 26 | 26.1
Invocations    | 1 2 3 4 6 8 10 14 15 | 15.0
Fighting       | 4 5 6 8 9 10 12 13 15 17 19 20 | 20.0
Shields        | 4 5 7 10 13 15 | 15.0
Dodging        | 2 4 5 6 9 10 14 17 18 20 22 | 22.0
Evocations     | 2 10 | 10.0
Translocations | 3 9 11 13 | 13.0
Air Magic      | 8 10 | 10.0
Spellcasting   | 5 6 8 |  8.0
Armour         | 5 8 9 12 | 12.0

Action                     |  1- 3 |  4- 6 |  7- 9 | 10-12 | 13-15 | 16-18 | 19-21 | 22-24 | 25-27 || total
---------------------------+-------+-------+-------+-------+-------+-------+-------+-------+-------++-------
  Melee: Long sword        |     8 |    47 |   253 |   738 |    65 |       |       |       |       ||  1111
         Kick              |    22 |    46 |    87 |   269 |   271 |   394 |   343 |   368 |   312 ||  2112
         Short sword       |    67 |    67 |       |       |       |       |       |       |       ||   134
         Peck              |    12 |    12 |    48 |   164 |   172 |   213 |   204 |   242 |   185 ||  1252
         Scimitar          |       |       |       |       |   542 |   858 |   905 |  1040 |   675 ||  4020
         Demon blade       |       |       |       |       |       |       |       |       |   173 ||   173
  Throw: Boomerang         |     1 |     4 |       |       |       |       |       |       |       ||     5
         Dart              |       |       |       |     9 |     1 |       |       |       |       ||    10
   Cast: Vhi's Electric Ch |       |       |       |       |       |       |   106 |   123 |    69 ||   298
         Manifold Assault  |       |       |       |       |       |       |   177 |   288 |   199 ||   664
         Blink             |       |       |       |       |       |       |       |       |     1 ||     1
         Apportation       |       |       |       |       |       |       |       |       |     4 ||     4
 Invoke: Heroism           |       |     3 |     2 |    11 |    17 |    10 |     8 |    13 |     9 ||    73
         Finesse           |       |       |       |     2 |    10 |     5 |     6 |     6 |     5 ||    34
         Duel              |       |       |       |       |       |     1 |       |     1 |     2 ||     4
  Evoke: Wand              |       |       |       |     7 |     3 |       |     7 |     1 |     6 ||    24
         Phial of floods   |       |       |       |       |     1 |       |     1 |       |       ||     2
         Tin of tremorston |       |       |       |       |       |       |       |     2 |       ||     2
    Use: Potion            |       |     4 |       |       |       |       |     4 |     2 |    15 ||    25
         Scroll            |       |       |     5 |     2 |    13 |     4 |    13 |     3 |     7 ||    47
   Stab: Sleeping          |       |       |     2 |    11 |     2 |    29 |     1 |       |       ||    45
         Distracted        |       |       |       |     2 |    12 |    18 |    18 |    27 |    19 ||    96
         Petrified         |       |       |       |     2 |       |       |       |       |       ||     2
 Armour: Scale mail        |    35 |    45 |       |       |       |       |       |       |       ||    80
         Troll leather arm |       |       |    53 |   109 |    49 |       |       |       |       ||   211
         Pearl dragon scal |       |       |       |       |    30 |    99 |    83 |    50 |    68 ||   330
         Skin              |       |       |       |       |       |       |       |       |     1 ||     1
  Dodge: Dodged            |    27 |    39 |   119 |   355 |   308 |   438 |   224 |   276 |   354 ||  2140
  Block: Buckler           |    12 |    19 |    43 |   121 |   141 |   138 |       |       |       ||   474
         Kite shield       |       |       |       |       |       |   192 |   291 |   307 |   296 ||  1086

Table legend: (Time is in decaauts)
 A = Elapsed time spent in this place.
 B = Non-inter-level travel time spent in this place.
 C = Inter-level travel time spent in this place.
 D = Time resting spent in this place.
 E = Time spent auto-exploring this place.
 F = Levels seen in this place.
 G = Mean time per level.
                   A        B        C        D        E       F      G
               +--------+--------+--------+--------+--------+-----+--------+
         Total |  51592 |  46693 |   4899 |   6141 |  27580 |  53 |  973.4 |
       Dungeon |  12771 |  11038 |   1733 |    377 |   7037 |  15 |  851.4 |
        Temple |     45 |     45 |      0 |     30 |      0 |   1 |   45.0 |
          Lair |   5551 |   4646 |    905 |    294 |   2950 |   5 | 1110.2 |
         Swamp |   2607 |   2515 |     92 |    322 |   1575 |   4 |  651.8 |
     Snake Pit |   4138 |   3932 |    206 |     78 |   2974 |   4 | 1034.5 |
  Orcish Mines |   1525 |   1272 |    253 |     63 |    740 |   2 |  762.5 |
   Elven Halls |   3377 |   3267 |    110 |    713 |   1689 |   3 | 1125.7 |
        Vaults |   8666 |   8088 |    578 |   1333 |   4575 |   5 | 1733.2 |
        Depths |   6213 |   5546 |    667 |   1231 |   2986 |   4 | 1553.2 |
           Zot |   6098 |   5747 |    351 |   1647 |   2784 |   5 | 1219.6 |
      Gauntlet |    512 |    512 |      0 |      0 |    267 |   1 |  512.0 |
         Arena |     83 |     83 |      0 |     50 |      0 |   4 |   20.8 |
               +--------+--------+--------+--------+--------+-----+--------+

Top non-repeatable levels by time:
Depths:3: 2235 daAuts
Vaults:2: 1804 daAuts
Vaults:5: 1764 daAuts
Vaults:3: 1745 daAuts
Vaults:1: 1733 daAuts
Vaults:4: 1618 daAuts
Depths:4: 1592 daAuts
   Zot:3: 1554 daAuts
Depths:2: 1504 daAuts
   Elf:3: 1456 daAuts
   Elf:1: 1365 daAuts
  Lair:3: 1362 daAuts
 Snake:4: 1361 daAuts
   Zot:4: 1339 daAuts
   Zot:5: 1234 daAuts
